cohdb
Replays
Latest Replays
All Replays
Popular Replays
Top Player Replays
Match Explorer
How It Works
Community
CoH3 Stats
Reddit
Sign in to upload your games and track your stats! →
Sign in with Steam
Match 41590257
Unlisted
Match 41590257
Overview
Messages
Build Orders
End
Construct Section Command Post
Dingo Light Scout Car
Infantry Section
Infantry Section
Vickers Machine Gun Team
Construct Platoon Command Post
Humber Armored Car
6-pounder Anti-tank Gun Team
Selects Air and Sea Battlegroup
Selects Commando Section Paradrop
Commando Section Paradrop
Infantry Training
HulkSMASH
⚓️Ruby⚓
The101stAirBorne ITA
Capibimbambombolilalone ITA
0
0
Comments
sign in to comment!
No comments posted yet!